Bacon, lawful female human Valkyrie -------------------------- |`@......................| |``d.`.`----------------.| -------`------ |.| |.....`.....| |.| |.`.``.....`| |.| --------.----| |.| |.`..........| |.| |`...........| |.| -----.-------- ------|.| |....```...| --|.....|.| |..........| |.-.....|.| |.........-- |-|....%|%| -------.---- |.%...%%..| |........| |-|....%|-- |........| |.-....%| |...------ --|.....| ----- ------- Bacon the Fighter Experience level: 6 Strength: 18 Dexterity: 16 Constitution: 18 Intelligence: 7 Wisdom: 9 Charisma: 9 Health: 68(68) Energy: 22(22) Def: 17 Gold: 1581 Moves: 7676 Dungeon seed: 4KMz3HarAWI3bCiR Game ID: Bacon_1519827669 Your Inventory: Coins $ - 1581 gold pieces Weapons a - an uncursed +1 long sword (alternate weapon; not wielded) b - an uncursed +0 dagger (in quiver) f - an uncursed +0 orcish dagger l - a cursed -1 spear (weapon in hand) A - an uncursed +0 arrow of lightning Armor e - an uncursed +3 small shield (being worn) r - a blessed +5 bronze plate mail (being worn) y - an uncursed +0 pair of kicking boots (being worn) z - an uncursed +0 orcish helm (being worn) Y - an uncursed +0 mummy wrapping (being worn) Comestibles m - 8 uncursed food rations u - 3 uncursed eggs v - an uncursed orange w - an uncursed fortune cookie Q - 3 uncursed tripe rations Z - an uncursed lembas wafer Scrolls t - an uncursed scroll of charging E - 5 uncursed scrolls of blank paper R - a blessed scroll of teleportation Potions o - a blessed potion of extra healing Rings g - an uncursed ring of protection from shape changers p - an uncursed ring of teleport control J - an uncursed ring of poison immunity T - an uncursed ring of levitation X - a cursed ring of polymorph Wands c - an uncursed wand of enlightenment (0:12) I - an uncursed wand of cancellation (0:4) S - a blessed wand of undead turning (0:4) V - an uncursed wand of fire (0:5) Tools d - an uncursed oil lamp (0:1331) k - an uncursed bag of holding H - an uncursed mirror Gems n - an uncursed worthless piece of blue glass q - an uncursed worthless piece of red glass N - an uncursed worthless piece of yellowish brown glass Spells and supernatural/magical abilities: Name Level Category Fail Memory W - pray for help -- divine ? -- Your skills at the end: Fighting Skills wands [Basic] Weapon Skills dagger [Basic] long sword [Basic] Spellcasting Skills Final Attributes: You were immune to cold. You were visible. You were stealthy. You were extremely unlucky. You survived. Vanquished creatures: 2 giant mimics a dog 2 imps a wood nymph a rock piercer a yellow light 2 shriekers a gnome lord a kobold mummy 2 black naga hatchlings a gray ooze 2 paper golems 6 giant ants 2 little dogs 4 floating eyes a kitten a dwarf a homunculus a kobold lord 3 hill orcs a rothe 2 rabid rats a centipede 4 giant bats 2 monkeys a wererat 3 iguanas an acid blob 2 coyotes a gas spore a hobgoblin 5 giant rats a brown mold 2 yellow molds 2 red molds a gnome 9 garter snakes 2 gnome zombies 3 geckos 19 jackals 8 foxes 5 kobolds 5 goblins 7 sewer rats 20 grid bugs a bat 9 lichens a kobold zombie 8 newts 163 creatures vanquished. Voluntary challenges: You were an atheist. You used a wielded weapon 66 times, starting on turn 132. You read items or engraved 5 times, starting on turn 2059. You never genocided any monsters. You never polymorphed an object. You never changed form. You used no wishes. You never split a pudding. You never wrote Elbereth's name. You never violated your personal moral code. Dungeon overview: The Dungeons of Doom: levels 1 to 6 Level 1 a vault a long staircase Level 2 a general store, a fountain, a vault a long staircase Level 3 Level 4 a general store, a fountain Level 5 many fountains Level 6 stairs to Sokoban Sokoban: levels 2 to 5 Level 2 <- You were here Solved Level 3 Level 4 Level 5 Solved stairs to The Dungeons of Doom History has recorded: On T:1 you entered the Dungeons of Doom to retrieve the Amulet of Yendor! On T:320 you reached level 2 of The Dungeons of Doom. On T:732 you reached level 3 of The Dungeons of Doom. On T:822 you advanced to experience level 2. On T:986 you reached level 4 of The Dungeons of Doom. On T:1429 you reached level 5 of The Dungeons of Doom. On T:1672 you advanced to experience level 3. On T:1741 you reached level 6 of The Dungeons of Doom. On T:2939 you advanced to experience level 4. On T:3959 you reached level 4 of Sokoban. On T:4359 you advanced to experience level 5. On T:4926 you reached level 3 of Sokoban. On T:5694 you reached level 2 of Sokoban. On T:6191 you reached level 1 of Sokoban. On T:6256 you advanced to experience level 6. Score breakdown: Gold: 1581 (10882 points) Experience: 6 levels (12456 points) Exploration: 6 levels ( 11.54%) ( 9393 points) Discoveries: 13 items ( 5.22%) ( 6854 points) Valuables value: (no points given unless you survive) Artifact value: 0 ( 0 points) Variety of kills: 49 monsters ( 12.89%) (10772 points) Turncount: 7676 turns (-1987 points) Survival: quit (score multiplied by 90%) Total score: 43533 Latest messages: You hear some noises in the distance. You try to move the boulder, but in vain. You displace your large dog. You hear some noises in the distance. (2x) You try to move the boulder, but in vain. (2x) You displace your large dog. You hear some noises in the distance. With great effort you move the boulder. You hear some noises in the distance. You try to move the boulder, but in vain. You displace your large dog. o - a potion of extra healing. The bag of holding is empty. The bag of holding is empty. Final status: Farvel Bacon the Valkyrie, quit... You quit in Sokoban on dungeon level 2 with 43533 points, and 1581 pieces of gold, after 7676 moves. You were level 6 with a maximum of 68 hit points when you quit.